 Dungeon Crawl Stone Soup version 0.31-a0-1338-gb567cfdca4 (webtiles) character file.

Game seed: 18202502832985921881

4165 jasper the Scholar of Death (level 10, -4/74 HPs)
             Began as a Demonspawn Necromancer on Dec 22, 2023.
             Was a Follower of Kikubaaqudgha.
             Slain by a hornet (11 damage)
             ... on level 8 of the Dungeon.
             The game lasted 00:12:24 (6891 turns).

jasper the Scholar of Death (DsNe)                  Turns: 6891, Time: 00:12:25

Health: -4/74      AC: 10    Str: 14    XL:     10   Next: 7%
Magic:  1/14       EV: 13    Int: 19    God:    Kikubaaqudgha [*.....]
Gold:   348        SH:  0    Dex: 13    Spells: 1/15 levels left

rFire   + . .        d - +5 demon trident "Tivoaderaul" {pain, rF+ Str+4}
rCold   . . .        (no shield)
rNeg    . . .        a - +0 robe
rPois   .            v - +1 helmet
rElec   .            x - +0 cloak
rCorr   .            h - +0 pair of gloves
SInv    .            p - +0 pair of boots
Will    .....        (no amulet)
Stlth   ++           (no ring)
HPRegen 0.32/turn    (no ring)
MPRegen 0.14/turn

%: no passive effects
@: lethally poisoned (-4 -> -9), animating dead, slowed, very slow
A: yellow scales 2, ignite blood 1
a: Renounce Religion, Unearth Wretches


You were on level 8 of the Dungeon.
You worshipped Kikubaaqudgha.
Kikubaaqudgha was aware of your devotion.
You visited 2 branches of the dungeon, and saw 9 of its levels.
You also visited: Sewer and Ossuary.

You collected 348 gold pieces.

Inventory:

Hand Weapons
 b - a +3 dagger
 c - a +0 dagger of electrocution
 d - the +5 demon trident "Tivoaderaul" (weapon) {pain, rF+ Str+4}
   (You acquired it on level 3 of the Dungeon)

   Str+4:     It affects your strength (+4).
   rF+:       It protects you from fire.
 i - a +0 club
 j - a +1 dagger of flaming
Missiles
 f - 4 atropa-tipped darts
 g - 19 poisoned darts
 m - 8 boomerangs
Armour
 a - a +0 robe (worn)
 e - the +7 plate armour "Gummol" {Int+3 Dex+3}
   (You found it in a sewer)

   Int+3:     It affects your intelligence (+3).
   Dex+3:     It affects your dexterity (+3).
 h - a +0 pair of gloves (worn)
 p - a +0 pair of boots (worn)
 v - a +1 helmet (worn)
 x - a +0 cloak (worn)
Magical Staves
 u - a staff of earth
Jewellery
 k - a ring of see invisible
Wands
 l - a wand of flame (30)
 q - a wand of mindburst (12)
 B - a wand of acid (7)
Scrolls
 y - 6 scrolls of teleportation
 A - a scroll of silence {unknown}
 C - a scroll of identify
Potions
 n - 4 potions of curing
 o - 3 potions of mutation
 r - 2 potions of attraction {unknown}
 s - 2 potions of berserk rage {unknown}
 t - a potion of brilliance {unknown}
 w - 2 potions of haste {unknown}
 z - 2 potions of degeneration {unknown}


   Skills:
 - Level 5.0 Fighting
 - Level 7.0 Polearms
 - Level 5.0 Dodging
 - Level 1.7 Stealth
 - Level 3.0 Spellcasting
 + Level 10.3 Necromancy
 + Level 4.1 Ice Magic


You had one spell level left.
You knew the following spells:

 Your Spells              Type           Power      Damage    Failure   Level
a - Necrotise             Necr           100%       1d9       1%          1
b - Vampiric Draining     Necr           42%        2d9       1%          3
c - Animate Dead          Necr           42%        N/A       2%          4
d - Simulacrum            Ice/Necr       15%        N/A       77%         6

Your spell library contained the following spells:

 Spells                   Type           Power      Damage    Failure   Level
 Kiss of Death            Conj/Necr      88%        2d12      1%          1
 Magic Dart               Conj           8%         1d3       16%         1
 Cigotuvi's Dreadful Rot  Necr/Alch/Air  30%        N/A       5%          2
 Agony                    Necr           42%        N/A       6%          5
 Ozocubu's Armour         Ice            18%        N/A       9%          3
 Searing Ray              Conj           4%         2d4       22%         2
 Fulminant Prism          Conj/Alch      1%         3d5       83%         4
 Metabolic Englaciation   Hex/Ice        5%         N/A       88%         5


Dungeon Overview and Level Annotations

Branches:
Dungeon (8/15)             Temple (1/1) D:6           Sewer (visited)
Ossuary (visited)
   Lair: D:8-11

Altars:
Ashenzari
Cheibriados
Dithmenos
Fedhas
Gozag
Hepliaklqana
Kikubaaqudgha
Makhleb
Nemelex Xobeh
Okawaru
Qazlal
Ru
Sif Muna
Trog
Uskayaw
Vehumet
Wu Jian
Xom
Yredelemnul


Innate Abilities, Weirdness & Mutations

You are mostly covered in yellow scales. (AC +3)
Your demonic aura sometimes causes spilled blood to erupt in flames.


Message History

You take 5 damage, and have 19/74 hp.
You hit the hornet.
The hornet is lightly wounded.
You feel very sick. The hornet barely misses you. The hornet stings you.
* * * LOW HITPOINT WARNING * * *
You are lethally poisoned!
You feel as though you will be slow longer.
Your kobold zombie misses the hornet.
You take 8 damage, and have 11/74 hp.
You feel better. The hornet misses you. The hornet stings you.
* * * LOW HITPOINT WARNING * * *
You are poisoned.
You feel as though you will be slow longer.
Your kobold zombie misses the hornet. x2
The hornet stings you but does no damage.
You regained 7 hp, and now have 18/74 hp.
Casting: Vampiric Draining (safe; 1% risk of failure)
Confirm with . or Enter, or press ? or * to list all spells.
Aiming: Vampiric Draining (safe; 1% risk of failure)
Press: ? - help, Shift-Dir - straight line, f - hornet
Aim: a hornet (ally target)
You draw life force from the hornet!
You feel life coursing into your body!
You feel very sick.
The hornet stings you but does no damage.
Your kobold zombie hits the hornet but does no damage. x2
The hornet stings your kobold zombie.
Your kobold zombie hits the hornet but does no damage.
You regained 4 hp, and now have 22/74 hp.
You now have 0/14 mp.
You hit the hornet.
The hornet writhes in agony.
The hornet is severely wounded.
You feel very sick. The hornet stings you!
* * * LOW HITPOINT WARNING * * *
You feel as though you will be slow longer.
Your kobold zombie closely misses the hornet.
The hornet stings you!
You die...
Kikubaaqudgha rasps: "You have failed me!
Welcome... death!"

.........~..# #.#####.#
............# #.......#
............###.#######
#......................
#.....~.....###.#######
#....~~.!.........
#...~~~.....###.###
#....~).......#.#
#.|...)@....#.#.#
#.....)Zy...#.#.#
#......Zā‰ˆ...# ...
#......~ā‰ˆ...# ##
#.....~ā‰ˆ~...#
#.....~~ā‰ˆ.....
#..............
...............


You could see a hornet (ally target) and 2 friendly kobold zombies.

Vanquished Creatures
  Pikel (D:5)
  Grinder (D:5)
  Sigmund (D:3)
  Eustachio (D:5)
  A steam dragon (D:7)
  Duvessa (D:6)
  2 orc warriors
  A sky beast (D:7)
  5 black bears
  2 ice beasts
  A crocodile (Sewer)
  3 ogres
  4 centaurs
  A kobold brigand (D:8)
  2 bullfrogs
  A scorpion (D:5)
  Dowan (D:6)
  3 wights (D:6)
  A howler monkey (D:5)
  4 hounds
  Crazy Yiuf (D:2)
  A jelly (D:4)
  5 orc priests
  3 iguanas
  5 orc wizards
  Robin (D:2)
  4 gnolls (D:5)
  7 adders
  A bombardier beetle (D:4)
  A white imp (D:5)
  2 ufetubi (D:5)
  A dart slug (D:4)
  27 orcs
  7 ball pythons
  7 bats
  5 endoplasms
  5 giant cockroaches (D:3)
  13 goblins (D:2)
  12 hobgoblins
  4 jackals (Sewer)
  6 quokkas
  A frilled lizard (D:1)
  A gnoll zombie (Ossuary)
  6 kobolds
  An orc zombie (D:7)
  7 rats
171 creatures vanquished.

Vanquished Creatures (collateral kills)
  A phantom (D:7)
  An orc priest (D:7)
  A dart slug (D:1)
  An orc (D:7)
  2 kobolds (Sewer)
6 creatures vanquished.

Vanquished Creatures (others)
  A bullfrog zombie (D:7)
  A centaur zombie (D:7)
2 creatures vanquished.

Grand Total: 179 creatures vanquished

Notes
Turn   | Place    | Note
-------+----------+-------------------------------------------
     0 | D:1      | jasper the Demonspawn Necromancer began the quest for the
                  | Orb.
     0 | D:1      | Reached XP level 1. HP: 13/13 MP: 3/3
   582 | D:1      | Gained mutation: You are partially covered in yellow
                  | scales. (AC +2) [demonic ancestry]
   582 | D:1      | Reached XP level 2. HP: 19/19 MP: 0/5
   678 | D:1      | Reached skill level 5 in Necromancy
   935 | D:2      | Found a shadowy altar of Dithmenos.
  1040 | D:2      | Noticed Robin
  1161 | D:3      | Gained mutation: Your demonic aura sometimes causes spilled
                  | blood to erupt in flames. [demonic ancestry]
  1161 | D:3      | Reached XP level 3. HP: 24/24 MP: 2/6
  1165 | D:3      | Learned a level 3 spell: Vampiric Draining
  1258 | D:3      | Reached skill level 6 in Necromancy
  1264 | D:3      | Reached XP level 4. HP: 8/30 MP: 3/7
  1393 | D:3      | Found a burning altar of Makhleb.
  1549 | D:3      | Found a glowing drain.
  1571 | Sewer    | Entered a sewer
  1625 | Sewer    | Reached XP level 5. HP: 35/35 MP: 2/8
  1734 | Sewer    | Noticed a crocodile
  1747 | Sewer    | Killed a crocodile
  1748 | Sewer    | Reached skill level 7 in Necromancy
  1753 | Sewer    | Learned a level 4 spell: Animate Dead
  1763 | Sewer    | Identified the +7 plate armour "Gummol" {Int+3 Dex+3}
  1953 | D:3      | Noticed Sigmund
  1973 | D:3      | Killed Sigmund
  1974 | D:3      | Reached skill level 8 in Necromancy
  1974 | D:3      | Gained mutation: You are mostly covered in yellow scales.
                  | (AC +3) [demonic ancestry]
  1974 | D:3      | Reached XP level 6. HP: 42/42 MP: 10/10
  2652 | D:3      | Identified a scroll of acquirement
  2652 | D:3      | Acquired the +5 demon trident "Tivoaderaul" {pain, rF+
                  | Str+4}
  3023 | D:2      | Found a runed translucent door.
  3024 | D:2      | Noticed Crazy Yiuf
  3246 | D:2      | Killed Robin
  3599 | D:2      | Killed Crazy Yiuf
  3600 | D:2      | Reached XP level 7. HP: 41/47 MP: 11/11
  3739 | D:4      | Reached skill level 9 in Necromancy
  3739 | D:4      | Reached skill level 1 in Fighting
  3819 | D:4      | Found a shadowy altar of Dithmenos.
  4137 | D:4      | Reached skill level 1 in Polearms
  4301 | D:5      | Entered Level 5 of the Dungeon
  4399 | D:5      | Noticed Eustachio
  4408 | D:5      | Reached XP level 8. HP: 56/58 MP: 12/12
  4416 | D:5      | Killed Eustachio
  4481 | D:5      | Found a sand-covered staircase.
  4489 | D:5      | Noticed Pikel
  4500 | D:5      | Killed Pikel
  4501 | D:5      | Reached skill level 5 in Fighting
  4502 | Ossuary  | Entered an ossuary
  4682 | D:5      | Reached skill level 5 in Dodging
  4748 | D:5      | Noticed Grinder
  4764 | D:5      | Killed Grinder
  4765 | D:5      | Reached skill level 5 in Polearms
  4765 | D:5      | Reached XP level 9. HP: 40/68 MP: 7/13
  4901 | D:5      | Found a hide-covered altar of Uskayaw.
  5001 | D:5      | Learned a level 6 spell: Simulacrum
  5670 | D:6      | Found a staircase to the Ecumenical Temple.
  5680 | Temple   | Entered the Ecumenical Temple
  5687 | Temple   | Became a worshipper of Kikubaaqudgha
  5841 | D:6      | Noticed Duvessa
  5842 | D:6      | Noticed Dowan
  5852 | D:6      | Killed Duvessa
  5853 | D:6      | Reached skill level 1 in Ice Magic
  5859 | D:6      | Killed Dowan
  6245 | D:7      | Reached skill level 10 in Necromancy
  6375 | D:7      | Found a sparkling altar of Nemelex Xobeh.
  6383 | D:7      | Reached * piety under Kikubaaqudgha
  6383 | D:7      | Received a gift from Kikubaaqudgha
  6420 | D:7      | Reached XP level 10. HP: 60/74 MP: 14/14
  6462 | D:7      | Found a stormy altar of Qazlal.
  6475 | D:7      | Found a blossoming altar of Fedhas.
  6886 | D:8      | Paralysed by a hornet for 1 turns
  6891 | D:8      | Slain by a hornet

Illustrated notes

Levels and vault maps discovered:
D:1:      minmay_arrival_glassed_features, layout_basic
D:2:      layout_basic, basic_altar, uniq_robin, uniq_crazy_yiuf_cottage
D:3:      layout_basic, nicolae_overflow_crystal_walls, gup_sewer_entry_pipe,
          grunt_ministairs_12, uniq_sigmund
D:4:      layout_rooms, nicolae_dithmenos_through_a_glass_darkly,
          minmay_misc_feat_square
D:5:      layout_gridville, kennysheep_mini, nicolae_ossuary_entry_ruins,
          hangedman_decor_clover_reticule, grunt_ministairs_15, uniq_eustachio,
          uniq_pikel, uniq_grinder
D:6:      layout_basic, temple_hall, st_stairs_3, grunt_ministairs_11,
          minmay_misc_feat_pillars, uniq_duvessa
D:7:      layout_cave_pools, grunt_temple_overflow_forces_of_nature,
          lemuel_round_altar
D:8:      layout_basic, mainiacjoe_overflow_alcove_4, eino_jars
Temple:   nicolae_temple_no_exploring_needed

Skill      XL: |  1  2  3  4  5  6  7  8  9 10 |
---------------+-------------------------------+-----
Necromancy     | 5 6 8 9 10 | 10.3
Spellcasting   | 3 |  3.0
Dodging        | 2 3 5 |  5.0
Fighting       | 3 5 |  5.0
Polearms       | 2 5 7 |  7.0
Ice Magic      | 3 4 |  4.1
Stealth        | |  1.7

Action                     |  1- 3 |  4- 6 |  7- 9 | 10-12 || total
---------------------------+-------+-------+-------+-------++-------
  Melee: Unarmed           |     6 |       |       |       ||     6
         Dagger            |     1 |    59 |       |       ||    60
         Club              |     1 |       |       |       ||     1
         Punch             |       |     2 |     1 |       ||     3
         Demon trident     |       |    17 |   198 |    21 ||   236
  Throw: Dart              |     2 |     4 |     1 |       ||     7
   Cast: Necrotise         |    61 |    74 |    11 |       ||   146
         Vampiric Draining |     1 |     3 |    12 |     6 ||    22
         Animate Dead      |       |       |     3 |     1 ||     4
    Use: Scroll            |     2 |     5 |       |       ||     7
         Potion            |     5 |       |       |     1 ||     6
   Stab: Sleeping          |       |       |     1 |       ||     1
         Distracted        |       |       |     2 |       ||     2
 Armour: Robe              |    26 |    48 |   147 |    51 ||   272
  Dodge: Dodged            |    26 |    45 |   131 |    29 ||   231

Table legend: (Time is in decaauts)
 A = Elapsed time spent in this place.
 B = Non-inter-level travel time spent in this place.
 C = Inter-level travel time spent in this place.
 D = Time resting spent in this place.
 E = Time spent auto-exploring this place.
 F = Levels seen in this place.
 G = Mean time per level.
                   A        B        C        D        E       F      G
               +--------+--------+--------+--------+--------+-----+--------+
         Total |   6934 |   6712 |    222 |    208 |   5170 |  11 |  630.4 |
       Dungeon |   6547 |   6337 |    210 |    208 |   4900 |   8 |  818.4 |
        Temple |     14 |      2 |     12 |      0 |      0 |   1 |   14.0 |
         Sewer |    285 |    285 |      0 |      0 |    203 |   1 |  285.0 |
       Ossuary |     87 |     87 |      0 |      0 |     67 |   1 |   87.0 |
               +--------+--------+--------+--------+--------+-----+--------+

Top non-repeatable levels by time:
     D:3: 1464 daAuts
     D:2: 958 daAuts
     D:6: 951 daAuts
     D:1: 935 daAuts
     D:5: 811 daAuts
     D:4: 691 daAuts
     D:7: 686 daAuts
   Sewer: 285 daAuts
 Ossuary: 87 daAuts
     D:8: 49 daAuts
  Temple: 14 daAuts
